 Dungeon Crawl Stone Soup version 0.18.1-5-g4a78601 (webtiles) character file.

59 Scarto the Skirmisher (level 3, -3/30 HPs)
             Began as a Demonspawn Fighter on May 12, 2016.
             Slain by a worm (7 damage)
             ... on level 2 of the Dungeon.
             The game lasted 00:01:44 (1033 turns).

Scarto the Skirmisher (Demonspawn Fighter)          Turns: 1033, Time: 00:01:45

Health: -3/30      AC:  7    Str: 22    XL:     3   Next: 78%
Magic:  3/3        EV:  7    Int:  9    God:
Gold:   70         SH:  9    Dex: 12    Spells: 0 memorised, 2 levels left

rFire  . . .     SeeInvis .     a - +0 war axe
rCold  . . .     Gourm    .     b - +0 scale mail
rNeg   . . .     Faith    .     c - +0 shield
rPois  .         Spirit   .     (helmet restricted)
rElec  .         Dismiss  .     (no cloak)
rCorr  .         Reflect  .     (no gloves)
SustAt .         Harm     .     (no boots)
MR     .....                    (no amulet)
Stlth  ..........               (no ring)
                                (no ring)

@: mighty, not resistant to hostile enchantments, extremely unstealthy
A: horns 1, molten scales 1
a: no special abilities


You were on level 2 of the Dungeon.
You were hungry.

You visited 1 branch of the dungeon, and saw 2 of its levels.

You collected 70 gold pieces.

Inventory:

Hand Weapons
 a - a +0 war axe (weapon)
Armour
 b - a +0 scale mail (worn)
 c - a +0 shield (worn)
Jewellery
 m - an uncursed amulet of harm {unknown}
Scrolls
 g - 2 scrolls of recharging {unknown}
 i - a scroll of identify {unknown}
 k - a scroll of remove curse {unknown}
Potions
 e - 2 potions of degeneration {unknown}
 h - a potion of mutation {unknown}
 j - a potion of resistance {unknown}
 l - 3 potions of berserk rage {unknown}
Comestibles
 f - 2 bread rations


   Skills:
 + Level 3.7 Fighting
 + Level 2.4 Axes
 + Level 3.0 Armour
 + Level 3.1 Shields


You had 2 spell levels left.
You didn't know any spells.

Dungeon Overview and Level Annotations

Branches:
Dungeon (2/15)

Altars:

Annotations:
D:2 Sigmund


Innate Abilities, Weirdness & Mutations

You have a pair of small horns on your head.
You are partially covered in molten scales (AC +1).


Message History

You barely miss the giant newt.
The hobgoblin shouts!
You block the giant newt's attack. You block something's attack.
Unknown command.
You slash something! Your headbutt misses something.
You completely miss the giant newt. You hit the worm.
The worm is moderately wounded.
You block the giant newt's attack. The worm bites you but does no damage.
Unknown command.
You miss something. You barely miss the giant newt. You barely miss the worm.
The worm is moderately wounded.
The giant newt bites you but does no damage.
Something hits you but does no damage. The giant newt closely misses you.
The worm bites you but does no damage.
Unknown command.
You closely miss something. You slash the worm!
The worm is severely wounded.
You closely miss the giant newt. You block something's attack.
The giant newt barely misses you. The worm bites you!
You die...

....#...# ...
.........####...
..........=.....
....w...........
........<........?.
.#.....#....w...<....
###............w.{..#.(.
..##..##.......l@g......
..#.....................
..#...# ####.#..........
....(.## #.##.........
......>#####!.)†........
..##......##.##...[....#
..##.......#.###...!..##
..##.....)....##.......
..##........#.....##...


You could see 2 worms, a dart slug, a hobgoblin and a giant newt.

Vanquished Creatures
  An adder (D:2)
  A dart slug (D:1)
  A giant gecko (D:1)
  2 giant cockroaches
  6 goblins
  8 hobgoblins
  9 jackals
  5 bats
  A giant newt (D:1)
  3 kobolds
  2 rats
39 creatures vanquished.

Notes
Turn   | Place    | Note
--------------------------------------------------------------
     0 | D:1      | Scarto the Demonspawn Fighter began the quest for the Orb.
     0 | D:1      | Reached XP level 1. HP: 18/18 MP: 1/1
   117 | D:1      | Gained mutation: You have a pair of small horns on your head. [demonic ancestry]
   117 | D:1      | Reached XP level 2. HP: 24/24 MP: 2/2
   420 | D:1      | Gained mutation: You are partially covered in molten scales (AC +1). [demonic ancestry]
   420 | D:1      | Reached XP level 3. HP: 22/29 MP: 3/3
  1021 | D:2      | Noticed Sigmund
  1033 | D:2      | Slain by a worm

Skill      XL: |  1  2  3 |
---------------+----------+-----
Axes           | 2 |  2.4
Shields        | 3 |  3.1
Armour         | 3 |  3.0
Fighting       | |  3.7

Action                   || total
-------------------------++-------
Melee: War axe           ||   112
       Headbutt          ||    18
  Use: Potion            ||     1
Armor: Scale mail        ||    93
Dodge: Dodged            ||    46
Block: Shield            ||    66
